 Dungeon Crawl Stone Soup version 0.31-a0-188-g5e087ee2ca (webtiles) character file.

Game seed: 9760938795319738235

109 qw the Skirmisher (level 4, -3/25 HPs)
             Began as a Deep Elf Hunter on June 23, 2023.
             Killed by nerve-wracking pain
             ... invoked by an orc priest
              (8 damage)
             ... on level 3 of the Dungeon.
             The game lasted 00:00:38 (1283 turns).

qw the Skirmisher (Deep Elf Hunter)                 Turns: 1283, Time: 00:00:38

Health: -3/25      AC:  6    Str: 10    XL:     4   Next: 60%
Magic:  6/6        EV:  9    Int: 14    God:
Gold:   41         SH:  0    Dex: 18    Spells: 3/3 levels left

rFire   . . .        Y - +0 shortbow
rCold   . . .        (shield currently unavailable)
rNeg    . . .        h - +0 scale mail
rPois   .            (no helmet)
rElec   .            (no cloak)
rCorr   .            (no gloves)
SInv    .            (no boots)
Will    .....        (no amulet)
Stlth   +            (no ring)
HPRegen 0.24/turn    (no ring)
MPRegen 0.10/turn

%: no passive effects
@: about to teleport
A: no striking features
a: no special abilities


You were on level 3 of the Dungeon.
You visited 1 branch of the dungeon, and saw 3 of its levels.

You collected 41 gold pieces.


   Skills:
 - Level 1.5 Fighting
 + Level 8.0 Ranged Weapons
 - Level 2.4 Dodging
 - Level 1.2 Stealth


You had 3 spell levels left.
You didn't know any spells.
Your spell library was empty.

Inventory:

Hand Weapons
 Y - a +0 shortbow (weapon)
Armour
 h - a +0 scale mail (worn)
Scrolls
 c - a scroll of identify
Potions
 d - a potion of might {unknown}
 e - a potion of attraction {unknown}
 f - a potion of curing
 g - a potion of magic {unknown}

Dungeon Overview and Level Annotations

Branches:
Dungeon (3/15)

Altars:
Kikubaaqudgha

Shops:
D:1 (


Message History

The endoplasm is heavily wounded.
You hear a shout!
The endoplasm barely misses you.
You shoot an arrow. The arrow hits the endoplasm!
You kill the endoplasm!
You start resting.
HP restored.
An orc and an orc priest come into view.
Found a scale mail.
The orc shouts!
The orc priest shouts!
You hear a shout!
You shoot an arrow. The arrow barely misses the orc priest.
An orc comes into view. It is wielding a +0 morningstar.
An orc comes into view. It is wielding a +0 club.
The orc priest invokes the aid of Beogh against you.
Beogh smites you!
You shoot an arrow. The arrow hits the orc priest.
The orc priest is moderately wounded.
You hear a shout!
An orc wizard comes into view. It is wielding a +0 dagger.
You shoot an arrow. The arrow hits the orc.
The orc is lightly wounded.
You shoot an arrow.
The arrow hits the orc priest but does no damage.
The orc priest is moderately wounded.
The orc closely misses you.
The orc priest hits you with a +0 dagger.
You shoot an arrow. The arrow hits the orc priest!
The orc priest is almost dead.
The orc hits you with a +0 morningstar.
The orc priest hits you but does no damage.
The orc priest hits you with a +0 dagger.
The orc wizard casts a spell at you. The puff of flame hits you.
The orc barely misses you.
1283 ||| READING scroll of teleportation.
As you read the scroll of teleportation, it crumbles to dust.
You feel strangely unstable. The orc barely misses you.
The orc priest mumbles some strange prayers to Beogh against you.
Pain shoots through your body!
You die...

#. ## ## ##.. .
##.....# .#
#... ..# ..#
.....#.# #.#
.[...#o##..###.
#..o.oo.......
#o@.....##
#.##.#....
#...>.....
#.>.......
#.<.......
#.........
#....(..>.
..........
##.........


You could see an orc priest, an orc wizard and 3 orcs.

Vanquished Creatures
  An adder (D:2)
  5 gnolls
  3 bats (D:1)
  5 endoplasms
  2 giant cockroaches
  4 goblins
  6 hobgoblins
  A jackal (D:2)
  3 quokkas
  2 ball pythons
  2 frilled lizards (D:1)
  9 kobolds
  7 rats
50 creatures vanquished.

Notes
Turn   | Place    | Note
-------+----------+-------------------------------------------
     0 | D:1      | qw the Deep Elf Hunter began the quest for the Orb.
     0 | D:1      | Reached XP level 1. HP: 12/12 MP: 3/3
     0 | D:1      | 0 ||| qw: Version: 0.3-a-9-g12657ce
     0 | D:1      | 0 ||| qw: Game counter: 3240
     0 | D:1      | 0 ||| qw: Always use a shield: true
     0 | D:1      | 0 ||| qw: God list: Okawaru
     0 | D:1      | 0 ||| qw: Allow faded altars: false
     0 | D:1      | 0 ||| qw: Do Orc after D:15 true
     0 | D:1      | 0 ||| qw: Do second Lair branch before Depths: true
     0 | D:1      | 0 ||| qw: Lair rune preference: random
     0 | D:1      | 0 ||| qw: Plans: Normal
     0 | D:1      | 0 ||| PLANNING D:1-11
    13 | D:1      | Reached skill level 6 in Ranged Weapons
    13 | D:1      | Reached XP level 2. HP: 16/16 MP: 4/4
    65 | D:1      | Found Dauhe's Weapon Shop.
   281 | D:1      | Reached XP level 3. HP: 20/20 MP: 5/5
   391 | D:1      | 391 ||| UPGRADING to +0 scale mail.
   401 | D:1      | 401 ||| DROPPING +0 leather armour.
   402 | D:1      | 402 ||| READING scroll labelled EMIDOIS ICKI.
   403 | D:1      | 403 ||| READING scroll labelled WIWOTT RESECK.
   404 | D:1      | 404 ||| READING 3 scrolls labelled DECLIOTEIR.
   405 | D:1      | 405 ||| DROPPING scroll of butterflies.
   406 | D:1      | 406 ||| DROPPING 2 scrolls of revelation.
   440 | D:2      | Found a faded altar of an unknown god.
   469 | D:2      | Found an ancient bone altar of Kikubaaqudgha.
   710 | D:2      | Reached skill level 7 in Ranged Weapons
   875 | D:2      | Reached XP level 4. HP: 15/25 MP: 6/6
  1079 | D:2      | Reached skill level 8 in Ranged Weapons
  1230 | D:2      | 1230 ||| READING 2 scrolls labelled XOYBIE QUEDIOCRIS.
  1231 | D:2      | 1231 ||| READING 2 scrolls labelled YHOVEIT ATIS.
  1236 | D:2      | 1236 ||| DRINKING 2 fizzy green potions.
  1237 | D:2      | 1237 ||| DROPPING scroll of fog.
  1282 | D:3      | HP: 5/25 [orc wizard/puff of flame (4)]
  1283 | D:3      | 1283 ||| READING scroll of teleportation.
  1283 | D:3      | Killed from afar by an orc priest

Levels and vault maps discovered:
D:1:      minmay_arrival_arboretum_small, layout_basic, serial_shops,
          nicolae_shop_competitors_out_of_business
D:2:      layout_basic, ebering_ecumenical_altar_webs, basic_altar,
          minmay_tetromino_s4
D:3:      layout_rooms, mainiacjoe_overflow_six_doors_small,
          corexii_item_surrounded_by_moat, hangedman_abyss_or_decor_lesser_grid,
          kennysheep_generic_room_7

Skill      XL: |  1  2  3  4 |
---------------+-------------+-----
Ranged Weapons | 6 7 8 |  8.0
Fighting       | |  1.5
Dodging        | |  2.4
Stealth        | |  1.2

Action                     |  1- 3 |  4- 6 || total
---------------------------+-------+-------++-------
   Fire: Shortbow          |   102 |    39 ||   141
    Use: Scroll            |     3 |     3 ||     6
         Potion            |       |     1 ||     1
 Armour: Leather armour    |    10 |       ||    10
         Scale mail        |     6 |     1 ||     7
  Dodge: Dodged            |    21 |    10 ||    31

Table legend:
 A = Non-vault XP
 B = Vault XP
 C = Vault XP percentage of total XP
 D = Non-vault monster count
 E = Vault monster count
 F = Vault count percentage of total count
                 A         B        C        D         E       F
            +---------+---------+-------+---------+---------+-------
      Total |     153 |       4 |   2.5 |      48 |       2 |   4.0
            +---------+---------+-------+---------+---------+-------
        D:1 |      48 |       0 |   0.0 |      22 |       0 |   0.0
        D:2 |     100 |       4 |   3.8 |      23 |       2 |   8.0
        D:3 |       5 |       0 |   0.0 |       3 |       0 |   0.0
            +---------+---------+-------+---------+---------+-------
